[ AOE2 MATCH · #468200313 ]
Team RMSlavs vs Byzantines
[ REPLAY ANALYSIS · EXTRACTED FROM THE RECORDED GAME ]
Feudal
12:08
Castle
21:51
Imperial
34:20
| APM avg | 9.3 |
| APM peak | 27 |
| eAPM avg | 7.5 |
| Villagers / military | 97 / 149 |
Focus
⚔️ 26.0% · 🌾 74.0%
Boyar ×97 · Spearman ×30 · Mangonel ×12 · Trebuchet (Packed) ×8 · Monk ×2
Feudal
13:52
Castle
19:39
Imperial
30:38
| APM avg | 14.0 |
| APM peak | 35 |
| eAPM avg | 12.6 |
| Villagers / military | 157 / 123 |
Focus
⚔️ 26.8% · 🌾 73.2%
Knight ×70 · Mangonel ×26 · Trade Cart ×13 · Teutonic Knight ×9 · Trebuchet (Packed) ×6 · Monk ×5
Feudal
17:28
Castle
22:46
Imperial
35:11
| APM avg | 13.5 |
| APM peak | 36 |
| eAPM avg | 9.9 |
| Villagers / military | 142 / 87 |
Focus
⚔️ 31.7% · 🌾 68.3%
Scout Cavalry ×34 · Coustillier ×18 · Knight ×11 · Trade Cart ×11 · Trebuchet (Packed) ×7 · Bombard Cannon ×6
Feudal
14:55
Castle
19:23
Imperial
33:29
| APM avg | 18.6 |
| APM peak | 37 |
| eAPM avg | 12.0 |
| Villagers / military | 129 / 241 |
Focus
⚔️ 25.5% · 🌾 74.5%
Elephant Archer ×160 · Militia ×65 · Trade Cart ×33 · Trebuchet (Packed) ×14 · Fishing Ship ×6 · Monk ×1
Feudal
12:44
Castle
22:54
Imperial
35:24
| APM avg | 12.4 |
| APM peak | 117 |
| eAPM avg | 11.8 |
| Villagers / military | 129 / 404 |
Focus
⚔️ 35.2% · 🌾 64.8%
Spearman ×243 · Cataphract ×146 · Trade Cart ×27 · Camel Scout ×15
Feudal
13:47
Castle
22:50
Imperial
37:39
| APM avg | 11.5 |
| APM peak | 26 |
| eAPM avg | 8.9 |
| Villagers / military | 91 / 163 |
Focus
⚔️ 30.2% · 🌾 69.8%
Janissary ×98 · Scout Cavalry ×40 · Bombard Cannon ×21 · Fishing Ship ×7 · Trade Cart ×5 · Monk ×2
Match map
Initial resources + every placement click. Lines = walls · curves = elevation contours. ◆ gold · ⬟ stone · ● berries · ✦ relic · ◌ wall gap
Your base· ✓ Closed at 21:51 · 9t walls · fragile
Frog 2nd's base· ✓ Closed at 19:39 · 9t walls · fragile
Noe's base· ✓ Closed at 22:46 · 52t walls · 1 gate(s) · fragile
stormgoing's base· ✓ Closed at 19:23 · 0t walls · fragile
nemesisbasileus's base· ✓ Closed at 22:54 · 0t walls · fragile
haimw13's base· ✓ Closed at 22:50 · 24t walls · fragile
Smoothed initial terrain · ◌ = detected wall gap · hover for details
Inputs per minute
— A P - - Frog 2nd
Build order — A P
First 150 of 258 actions detected
| 0:05 | Build | House |
| 0:10 | Build | House |
| 0:11 | Create | Villager (Male) |
| 0:11 | Create | Villager (Male) |
| 0:11 | Create | Villager (Male) |
| 0:12 | Create | Villager (Male) |
| 0:12 | Create | Villager (Male) |
| 1:50 | Create | Villager (Male) |
| 1:50 | Create | Villager (Male) |
| 2:21 | Create | Villager (Male) |
| 2:22 | Create | Villager (Male) |
| 2:42 | Research | Loom |
| 3:17 | Create | Villager (Male) |
| 3:17 | Create | Villager (Male) |
| 3:17 | Create | Villager (Male) |
| 3:41 | Create | Villager (Male) |
| 4:07 | Create | Villager (Male) |
| 4:08 | Create | Villager (Male) |
| 4:08 | Create | Villager (Male) |
| 4:12 | Build | House |
| 4:56 | Create | Villager (Male) |
| 4:56 | Create | Villager (Male) |
| 5:04 | Build | House |
| 5:07 | Build | House |
| 5:08 | Build | House |
| 5:11 | Create | Villager (Male) |
| 5:11 | Create | Villager (Male) |
| 6:03 | Create | Villager (Male) |
| 6:03 | Create | Villager (Male) |
| 6:04 | Create | Villager (Male) |
| 6:15 | Build | Mill |
| 8:12 | Build | Lumber Camp |
| 8:18 | Create | Villager (Male) |
| 8:18 | Create | Villager (Male) |
| 8:18 | Create | Villager (Male) |
| 8:19 | Create | Villager (Male) |
| 8:31 | Build | Farm |
| 8:56 | Build | Farm |
| 9:45 | Research | Feudal Age |
| 9:53 | Build | Farm |
| 9:56 | Build | Farm |
| 9:57 | Build | Farm |
| 9:58 | Build | Farm |
| 10:00 | Build | Farm |
| 10:02 | Build | Farm |
| 10:27 | Build | Farm |
| 12:08 | Age | Feudal Age |
| 12:09 | Research | Wheelbarrow |
| 12:11 | Create | Villager (Male) |
| 12:12 | Create | Villager (Male) |
| 12:57 | Research | Town Watch |
| 12:57 | Create | Villager (Male) |
| 13:16 | Research | Double-Bit Axe |
| 13:19 | Research | Horse Collar |
| 14:14 | Build | Mining Camp |
| 14:17 | Create | Villager (Male) |
| 14:17 | Create | Villager (Male) |
| 14:58 | Build | Stone Wall |
| 15:19 | Research | Gold Mining |
| 15:25 | Create | Villager (Male) |
| 15:26 | Create | Villager (Male) |
| 15:50 | Build | Watch Tower |
| 16:05 | Build | Mining Camp |
| 16:26 | Build | Farm |
| 16:33 | Create | Villager (Male) |
| 16:42 | Build | House |
| 17:21 | Build | Mining Camp |
| 17:34 | Build | Blacksmith |
| 17:39 | Create | Villager (Male) |
| 17:39 | Create | Villager (Male) |
| 18:14 | Build | Market |
| 18:17 | Create | Villager (Male) |
| 18:40 | Build | Farm |
| 18:46 | Build | Farm |
| 18:53 | Build | Farm |
| 19:08 | Build | Mining Camp |
| 19:11 | Research | Castle Age |
| 19:33 | Build | Barracks |
| 19:39 | Research | Stone Mining |
| 20:40 | Build | House |
| 20:50 | Build | House |
| 21:26 | Build | Stable |
| 21:51 | Age | Castle Age |
| 21:55 | Create | Villager (Male) |
| 21:56 | Create | Villager (Male) |
| 22:05 | Build | Town Center |
| 22:12 | Create | Villager (Male) |
| 22:13 | Create | Villager (Male) |
| 22:50 | Create | Villager (Male) |
| 22:50 | Create | Villager (Male) |
| 22:51 | Create | Villager (Male) |
| 22:51 | Create | Villager (Male) |
| 23:36 | Build | Castle |
| 23:45 | Create | Villager (Male) |
| 23:45 | Create | Villager (Male) |
| 24:26 | Build | Town Center |
| 24:48 | Build | Monastery |
| 24:56 | Create | Villager (Male) |
| 24:56 | Create | Villager (Male) |
| 24:57 | Create | Villager (Male) |
| 25:00 | Research | Hand Cart |
| 25:02 | Create | Villager (Male) |
| 25:02 | Create | Villager (Male) |
| 25:13 | Research | Bow Saw |
| 25:42 | Create | Villager (Male) |
| 25:42 | Create | Villager (Male) |
| 25:43 | Create | Villager (Male) |
| 25:43 | Create | Villager (Male) |
| 26:08 | Create | Villager (Male) |
| 26:08 | Create | Villager (Male) |
| 26:09 | Create | Villager (Male) |
| 26:09 | Create | Villager (Male) |
| 26:14 | Research | Heavy Plow |
| 26:18 | Build | Farm |
| 26:25 | Build | Farm |
| 26:34 | Build | Farm |
| 26:35 | Build | Farm |
| 26:41 | Build | Farm |
| 26:44 | Build | Farm |
| 26:50 | Create | Villager (Male) |
| 26:50 | Create | Villager (Male) |
| 26:50 | Create | Villager (Male) |
| 26:51 | Create | Villager (Male) |
| 27:00 | Research | Gold Shaft Mining |
| 27:21 | Build | Stone Wall |
| 27:28 | Create | Spearman ×5 |
| 27:59 | Build | Town Center |
| 28:36 | Create | Villager (Male) |
| 28:36 | Create | Villager (Male) |
| 28:37 | Create | Villager (Male) |
| 28:37 | Create | Villager (Male) |
| 28:53 | Build | Town Center |
| 29:00 | Create | Villager (Male) |
| 29:00 | Create | Villager (Male) |
| 29:01 | Create | Villager (Male) |
| 29:05 | Create | Monk |
| 29:05 | Create | Monk |
| 29:26 | Create | Villager (Male) |
| 29:26 | Create | Villager (Male) |
| 29:27 | Create | Villager (Male) |
| 29:35 | Build | Town Center |
| 29:48 | Create | Villager (Male) |
| 29:49 | Create | Villager (Male) |
| 29:55 | Create | Villager (Male) |
| 29:56 | Create | Villager (Male) |
| 29:56 | Create | Villager (Male) |
| 29:57 | Create | Villager (Male) |
| 30:10 | Research | Tech 455 |
| 30:36 | Build | Farm |
| 30:41 | Create | Villager (Male) |
Build order — Frog 2nd
First 150 of 439 actions detected
| 0:01 | Create | Villager (Male) |
| 0:02 | Create | Villager (Male) |
| 0:02 | Create | Villager (Male) |
| 0:02 | Create | Villager (Male) |
| 0:04 | Build | House |
| 0:06 | Build | House |
| 0:08 | Build | House |
| 1:09 | Build | Mill |
| 1:39 | Create | Villager (Male) |
| 1:39 | Create | Villager (Male) |
| 1:54 | Create | Villager (Male) |
| 2:32 | Create | Villager (Male) |
| 2:32 | Create | Villager (Male) |
| 2:52 | Create | Villager (Male) |
| 2:52 | Create | Villager (Male) |
| 3:10 | Create | Villager (Male) |
| 3:10 | Create | Villager (Male) |
| 3:19 | Create | Villager (Male) |
| 3:19 | Create | Villager (Male) |
| 3:38 | Create | Villager (Male) |
| 3:39 | Create | Villager (Male) |
| 3:57 | Create | Villager (Male) |
| 3:57 | Create | Villager (Male) |
| 4:15 | Create | Villager (Male) |
| 4:16 | Create | Villager (Male) |
| 4:38 | Create | Villager (Male) |
| 4:38 | Create | Villager (Male) |
| 4:47 | Create | Villager (Male) |
| 4:48 | Create | Villager (Male) |
| 5:02 | Build | Lumber Camp |
| 5:09 | Create | Villager (Male) |
| 5:09 | Create | Villager (Male) |
| 5:17 | Build | House |
| 5:20 | Create | Villager (Male) |
| 5:46 | Create | Villager (Male) |
| 5:46 | Create | Villager (Male) |
| 6:22 | Create | Villager (Male) |
| 6:23 | Create | Villager (Male) |
| 6:50 | Create | Villager (Male) |
| 6:50 | Create | Villager (Male) |
| 7:12 | Build | Farm |
| 7:15 | Build | Farm |
| 7:18 | Build | Farm |
| 7:22 | Build | Farm |
| 7:25 | Build | Farm |
| 7:32 | Create | Villager (Male) |
| 7:33 | Create | Villager (Male) |
| 7:36 | Build | House |
| 7:39 | Build | House |
| 7:40 | Build | House |
| 8:07 | Create | Villager (Male) |
| 8:07 | Create | Villager (Male) |
| 8:11 | Build | Farm |
| 8:13 | Create | Villager (Male) |
| 8:13 | Create | Villager (Male) |
| 8:26 | Build | Farm |
| 8:43 | Create | Villager (Male) |
| 8:43 | Create | Villager (Male) |
| 8:47 | Build | House |
| 8:52 | Build | Farm |
| 9:14 | Create | Villager (Male) |
| 9:15 | Create | Villager (Male) |
| 9:15 | Create | Villager (Male) |
| 9:24 | Build | Mining Camp |
| 9:34 | Build | House |
| 9:38 | Build | Farm |
| 9:41 | Create | Villager (Male) |
| 9:41 | Create | Villager (Male) |
| 9:51 | Build | Farm |
| 9:52 | Build | Farm |
| 9:55 | Create | Villager (Male) |
| 9:55 | Create | Villager (Male) |
| 10:17 | Build | Mining Camp |
| 10:22 | Create | Villager (Male) |
| 10:23 | Create | Villager (Male) |
| 10:31 | Build | Farm |
| 11:40 | Research | Feudal Age |
| 12:56 | Build | Barracks |
| 13:45 | Build | Mining Camp |
| 13:52 | Age | Feudal Age |
| 13:57 | Research | Wheelbarrow |
| 13:58 | Research | Horse Collar |
| 14:01 | Research | Double-Bit Axe |
| 14:14 | Build | Blacksmith |
| 14:28 | Build | Archery Range |
| 14:39 | Create | Villager (Male) |
| 14:40 | Create | Villager (Male) |
| 15:24 | Build | Stone Wall |
| 15:25 | Build | Stone Wall |
| 15:42 | Build | Farm |
| 16:08 | Create | Villager (Male) |
| 16:10 | Create | Villager (Male) |
| 16:59 | Research | Castle Age |
| 17:30 | Research | Stone Mining |
| 17:48 | Build | Market |
| 17:57 | Research | Gold Mining |
| 19:39 | Age | Castle Age |
| 19:48 | Research | Hand Cart |
| 19:50 | Research | Bow Saw |
| 19:52 | Research | Heavy Plow |
| 19:59 | Build | Town Center |
| 20:13 | Build | Town Center |
| 20:20 | Build | Town Center |
| 20:26 | Create | Villager (Male) |
| 20:26 | Create | Villager (Male) |
| 20:33 | Create | Villager (Male) |
| 20:40 | Create | Villager (Male) |
| 20:40 | Create | Villager (Male) |
| 20:44 | Create | Villager (Male) |
| 20:54 | Create | Villager (Male) |
| 20:55 | Create | Villager (Male) |
| 20:55 | Create | Villager (Male) |
| 21:00 | Create | Trade Cart |
| 21:19 | Create | Villager (Male) |
| 21:24 | Create | Villager (Male) |
| 21:25 | Create | Villager (Male) |
| 21:35 | Create | Villager (Male) |
| 21:53 | Build | Monastery |
| 21:58 | Create | Villager (Male) |
| 22:00 | Create | Villager (Male) |
| 22:02 | Create | Villager (Male) |
| 22:05 | Create | Trade Cart |
| 22:19 | Create | Villager (Male) |
| 22:23 | Create | Villager (Male) |
| 22:27 | Create | Villager (Male) |
| 22:28 | Create | Villager (Male) |
| 22:39 | Create | Monk |
| 22:47 | Create | Monk |
| 22:50 | Create | Villager (Male) |
| 22:51 | Create | Villager (Male) |
| 22:51 | Create | Villager (Male) |
| 22:58 | Build | Farm |
| 22:59 | Build | Farm |
| 22:59 | Build | Farm |
| 22:59 | Build | Farm |
| 22:59 | Build | Farm |
| 23:00 | Build | Farm |
| 23:00 | Build | Farm |
| 23:00 | Build | Farm |
| 23:01 | Build | Farm |
| 23:01 | Build | Farm |
| 23:01 | Build | Farm |
| 23:02 | Build | Farm |
| 23:04 | Create | Villager (Male) |
| 23:09 | Create | Villager (Male) |
| 23:10 | Create | Villager (Male) |
| 23:10 | Create | Villager (Male) |
| 23:18 | Build | House |
| 23:19 | Build | House |
| 23:19 | Build | House |
Build order — Noe
First 150 of 388 actions detected
| 0:03 | Create | Villager (Male) |
| 0:03 | Create | Villager (Male) |
| 0:04 | Create | Villager (Male) |
| 0:04 | Create | Villager (Male) |
| 0:04 | Create | Villager (Male) |
| 0:04 | Create | Villager (Male) |
| 0:07 | Build | House |
| 0:08 | Build | House |
| 0:11 | Build | House |
| 0:13 | Research | Loom |
| 0:56 | Build | House |
| 1:58 | Create | Villager (Male) |
| 1:58 | Create | Villager (Male) |
| 1:58 | Create | Villager (Male) |
| 2:21 | Create | Villager (Male) |
| 2:21 | Create | Villager (Male) |
| 3:05 | Create | Villager (Male) |
| 3:05 | Create | Villager (Male) |
| 3:05 | Create | Villager (Male) |
| 3:05 | Create | Villager (Male) |
| 3:37 | Build | Palisade Wall |
| 3:49 | Create | Villager (Male) |
| 3:49 | Create | Villager (Male) |
| 3:49 | Create | Villager (Male) |
| 3:50 | Create | Villager (Male) |
| 4:10 | Create | Villager (Male) |
| 4:11 | Create | Villager (Male) |
| 4:21 | Build | Palisade Wall |
| 4:51 | Create | Villager (Male) |
| 4:52 | Create | Villager (Male) |
| 4:52 | Create | Villager (Male) |
| 5:33 | Create | Villager (Male) |
| 5:33 | Create | Villager (Male) |
| 5:33 | Create | Villager (Male) |
| 5:34 | Create | Villager (Male) |
| 5:53 | Build | Palisade Wall |
| 5:56 | Create | Villager (Male) |
| 5:56 | Create | Villager (Male) |
| 5:57 | Create | Villager (Male) |
| 5:57 | Create | Villager (Male) |
| 6:28 | Build | Palisade Wall |
| 6:37 | Create | Villager (Male) |
| 6:38 | Create | Villager (Male) |
| 6:38 | Create | Villager (Male) |
| 6:51 | Build | Mill |
| 7:57 | Build | Mill |
| 8:21 | Create | Villager (Male) |
| 8:22 | Create | Villager (Male) |
| 8:22 | Create | Villager (Male) |
| 9:01 | Create | Villager (Male) |
| 9:01 | Create | Villager (Male) |
| 9:01 | Create | Villager (Male) |
| 9:01 | Create | Villager (Male) |
| 9:25 | Create | Villager (Male) |
| 9:25 | Create | Villager (Male) |
| 9:26 | Create | Villager (Male) |
| 9:54 | Build | House |
| 9:56 | Build | House |
| 9:57 | Build | House |
| 9:58 | Build | House |
| 10:07 | Build | Lumber Camp |
| 10:18 | Create | Villager (Male) |
| 10:18 | Create | Villager (Male) |
| 10:18 | Create | Villager (Male) |
| 10:18 | Create | Villager (Male) |
| 10:19 | Create | Villager (Male) |
| 10:19 | Create | Villager (Male) |
| 10:19 | Create | Villager (Male) |
| 11:29 | Create | Villager (Male) |
| 11:29 | Create | Villager (Male) |
| 11:30 | Create | Villager (Male) |
| 11:30 | Create | Villager (Male) |
| 11:30 | Create | Villager (Male) |
| 12:21 | Create | Villager (Male) |
| 12:21 | Create | Villager (Male) |
| 12:21 | Create | Villager (Male) |
| 12:21 | Create | Villager (Male) |
| 12:29 | Build | Mining Camp |
| 12:40 | Research | Wheelbarrow |
| 13:51 | Create | Villager (Male) |
| 13:51 | Create | Villager (Male) |
| 13:57 | Research | Feudal Age |
| 14:13 | Create | Villager (Male) |
| 14:13 | Create | Villager (Male) |
| 16:39 | Research | Double-Bit Axe |
| 16:41 | Research | Horse Collar |
| 16:56 | Build | Mill |
| 17:18 | Build | Mining Camp |
| 17:28 | Age | Feudal Age |
| 17:29 | Research | Bow Saw |
| 17:35 | Research | Heavy Plow |
| 17:42 | Research | Stone Mining |
| 18:09 | Build | Market |
| 18:13 | Build | House |
| 18:14 | Build | House |
| 18:16 | Build | House |
| 18:17 | Build | House |
| 18:23 | Build | Mining Camp |
| 18:26 | Create | Villager (Male) |
| 18:26 | Create | Villager (Male) |
| 18:27 | Create | Villager (Male) |
| 18:27 | Create | Villager (Male) |
| 18:47 | Build | Dock |
| 19:11 | Build | Blacksmith |
| 20:02 | Research | Castle Age |
| 20:29 | Research | Fletching |
| 20:36 | Research | Gold Mining |
| 21:07 | Build | Stone Wall |
| 21:16 | Build | Gate |
| 21:43 | Build | Farm |
| 21:43 | Build | Farm |
| 21:43 | Build | Farm |
| 21:45 | Build | Farm |
| 21:46 | Build | Farm |
| 21:46 | Build | Farm |
| 21:46 | Build | Farm |
| 21:47 | Build | Farm |
| 21:47 | Build | Farm |
| 21:47 | Build | Farm |
| 21:47 | Build | Farm |
| 21:47 | Build | Farm |
| 21:48 | Build | Farm |
| 21:48 | Build | Farm |
| 21:48 | Build | Farm |
| 21:48 | Build | Farm |
| 21:49 | Build | Farm |
| 21:49 | Build | Farm |
| 21:52 | Create | Villager (Male) |
| 21:52 | Create | Villager (Male) |
| 21:53 | Create | Villager (Male) |
| 21:53 | Create | Villager (Male) |
| 21:53 | Create | Villager (Male) |
| 21:53 | Create | Villager (Male) |
| 21:53 | Create | Villager (Male) |
| 21:54 | Create | Villager (Male) |
| 22:46 | Age | Castle Age |
| 23:04 | Build | Castle |
| 23:44 | Create | Trade Cart |
| 23:45 | Create | Trade Cart |
| 23:45 | Create | Trade Cart |
| 23:45 | Create | Trade Cart |
| 23:45 | Create | Trade Cart |
| 23:46 | Create | Trade Cart |
| 23:46 | Create | Trade Cart |
| 23:55 | Research | Stone Shaft Mining |
| 24:25 | Build | Stone Wall |
| 24:31 | Build | Gate |
| 24:42 | Create | Coustillier |
| 24:42 | Create | Coustillier |
| 24:43 | Create | Coustillier |
Build order — stormgoing
First 150 of 444 actions detected
| 0:01 | Create | Villager (Male) |
| 0:02 | Create | Villager (Male) |
| 0:02 | Create | Villager (Male) |
| 0:04 | Build | House |
| 0:07 | Build | House |
| 0:13 | Create | Villager (Male) |
| 1:38 | Create | Villager (Male) |
| 2:02 | Create | Villager (Male) |
| 2:21 | Create | Villager (Male) |
| 2:58 | Create | Villager (Male) |
| 3:12 | Build | Lumber Camp |
| 3:13 | Create | Villager (Male) |
| 3:36 | Build | House |
| 3:45 | Create | Villager (Male) |
| 4:16 | Create | Villager (Male) |
| 4:34 | Build | Mill |
| 4:34 | Create | Villager (Male) |
| 5:07 | Create | Villager (Male) |
| 5:19 | Build | House |
| 5:35 | Create | Villager (Male) |
| 5:49 | Create | Villager (Male) |
| 6:12 | Build | Dock |
| 6:34 | Create | Villager (Male) |
| 6:44 | Create | Villager (Male) |
| 6:59 | Build | House |
| 7:02 | Build | House |
| 7:03 | Build | House |
| 7:14 | Create | Villager (Male) |
| 7:15 | Create | Villager (Male) |
| 7:20 | Create | Fishing Ship |
| 8:08 | Build | Mill |
| 8:08 | Create | Villager (Male) |
| 9:09 | Create | Villager (Male) |
| 9:38 | Create | Villager (Male) |
| 9:54 | Create | Fishing Ship |
| 9:54 | Create | Fishing Ship |
| 10:07 | Create | Villager (Male) |
| 10:07 | Create | Villager (Male) |
| 10:43 | Create | Villager (Male) |
| 10:44 | Create | Villager (Male) |
| 10:55 | Build | House |
| 10:56 | Build | House |
| 11:22 | Create | Villager (Male) |
| 11:52 | Create | Villager (Male) |
| 12:00 | Build | House |
| 12:27 | Create | Fishing Ship |
| 12:27 | Create | Fishing Ship |
| 12:45 | Research | Feudal Age |
| 13:26 | Create | Fishing Ship |
| 14:55 | Age | Feudal Age |
| 15:03 | Build | Market |
| 15:11 | Build | Blacksmith |
| 15:25 | Build | Mill |
| 15:28 | Research | Wheelbarrow |
| 16:22 | Research | Double-Bit Axe |
| 16:29 | Research | Castle Age |
| 16:47 | Build | Barracks |
| 16:55 | Build | Fish Trap |
| 16:58 | Build | Fish Trap |
| 17:01 | Build | Fish Trap |
| 17:07 | Build | Fish Trap |
| 17:14 | Build | Fish Trap |
| 17:17 | Build | Fish Trap |
| 17:33 | Research | Horse Collar |
| 17:52 | Build | Archery Range |
| 18:52 | Create | Skirmisher |
| 19:23 | Age | Castle Age |
| 19:26 | Build | Town Center |
| 19:30 | Research | Hand Cart |
| 19:33 | Research | Bow Saw |
| 19:37 | Research | Heavy Plow |
| 19:44 | Build | Town Center |
| 20:02 | Create | Villager (Male) |
| 20:02 | Create | Villager (Male) |
| 20:09 | Build | Farm |
| 20:11 | Build | Farm |
| 20:46 | Create | Villager (Male) |
| 20:46 | Create | Villager (Male) |
| 20:48 | Create | Villager (Male) |
| 20:50 | Create | Villager (Male) |
| 20:51 | Create | Villager (Male) |
| 20:55 | Build | Farm |
| 20:56 | Build | Farm |
| 20:57 | Build | Farm |
| 20:59 | Create | Villager (Male) |
| 21:05 | Build | Farm |
| 21:06 | Build | Farm |
| 21:09 | Build | Farm |
| 21:10 | Build | Farm |
| 21:13 | Create | Villager (Male) |
| 21:15 | Build | Farm |
| 21:25 | Build | Farm |
| 21:33 | Create | Villager (Male) |
| 21:38 | Build | Farm |
| 21:40 | Build | Farm |
| 21:52 | Build | Farm |
| 21:55 | Build | Farm |
| 22:10 | Build | Farm |
| 22:12 | Create | Villager (Male) |
| 22:14 | Create | Villager (Male) |
| 22:15 | Create | Villager (Male) |
| 22:28 | Create | Trade Cart |
| 22:28 | Create | Trade Cart |
| 22:28 | Create | Trade Cart |
| 22:33 | Create | Villager (Male) |
| 22:33 | Create | Villager (Male) |
| 22:34 | Create | Villager (Male) |
| 22:44 | Build | Farm |
| 22:45 | Create | Villager (Male) |
| 22:50 | Build | Farm |
| 22:51 | Build | Farm |
| 22:56 | Build | Farm |
| 22:57 | Build | Farm |
| 23:00 | Create | Villager (Male) |
| 23:02 | Create | Villager (Male) |
| 23:31 | Build | Town Center |
| 23:32 | Create | Villager (Male) |
| 23:32 | Create | Villager (Male) |
| 23:32 | Create | Villager (Male) |
| 23:33 | Create | Villager (Male) |
| 23:38 | Create | Villager (Male) |
| 23:40 | Create | Villager (Male) |
| 23:51 | Create | Trade Cart |
| 23:54 | Create | Villager (Male) |
| 23:54 | Create | Villager (Male) |
| 23:59 | Create | Villager (Male) |
| 24:11 | Build | Mining Camp |
| 24:11 | Create | Villager (Male) |
| 24:12 | Create | Villager (Male) |
| 24:12 | Create | Villager (Male) |
| 24:12 | Create | Villager (Male) |
| 24:22 | Build | House |
| 24:22 | Build | House |
| 24:23 | Build | House |
| 24:24 | Build | House |
| 24:26 | Create | Villager (Male) |
| 24:26 | Create | Villager (Male) |
| 24:35 | Build | Farm |
| 24:37 | Build | Farm |
| 24:43 | Create | Villager (Male) |
| 24:49 | Build | Farm |
| 24:56 | Build | Farm |
| 24:58 | Build | Farm |
| 25:00 | Build | Farm |
| 25:02 | Create | Villager (Male) |
| 25:02 | Create | Villager (Male) |
| 25:02 | Create | Villager (Male) |
| 25:03 | Create | Villager (Male) |
| 25:06 | Create | Villager (Male) |
| 25:14 | Create | Trade Cart |
Build order — nemesisbasileus
First 150 of 389 actions detected
| 0:05 | Build | House |
| 0:07 | Build | House |
| 0:15 | Research | Loom |
| 0:16 | Create | Villager (Male) |
| 0:16 | Create | Villager (Male) |
| 0:16 | Create | Villager (Male) |
| 0:17 | Create | Villager (Male) ×2 |
| 0:17 | Create | Villager (Male) |
| 1:42 | Create | Villager (Male) |
| 2:28 | Build | Mill |
| 2:56 | Create | Villager (Male) |
| 2:56 | Create | Villager (Male) |
| 2:56 | Create | Villager (Male) |
| 3:34 | Create | Villager (Male) |
| 3:34 | Create | Villager (Male) |
| 3:52 | Create | Villager (Male) |
| 4:25 | Create | Villager (Male) |
| 4:52 | Create | Villager (Male) |
| 4:57 | Build | House |
| 5:06 | Create | Villager (Male) |
| 5:06 | Create | Villager (Male) |
| 5:19 | Create | Villager (Male) |
| 5:55 | Create | Villager (Male) |
| 5:56 | Create | Villager (Male) |
| 6:18 | Create | Villager (Male) |
| 6:49 | Create | Villager (Male) |
| 7:09 | Create | Villager (Male) |
| 7:10 | Create | Villager (Male) |
| 7:18 | Build | House |
| 7:26 | Create | Villager (Male) |
| 7:44 | Create | Villager (Male) |
| 8:40 | Create | Villager (Male) |
| 8:47 | Create | Villager (Male) |
| 9:09 | Build | Mill |
| 9:23 | Build | Lumber Camp |
| 9:39 | Build | House |
| 9:50 | Create | Villager (Male) |
| 10:34 | Research | Feudal Age |
| 11:23 | Build | Mining Camp |
| 11:27 | Create | Villager (Male) |
| 11:29 | Create | Villager (Male) |
| 11:29 | Create | Villager (Male) |
| 11:29 | Create | Villager (Male) |
| 12:44 | Age | Feudal Age |
| 12:47 | Create | Villager (Male) |
| 12:47 | Create | Villager (Male) |
| 12:47 | Create | Villager (Male) |
| 13:05 | Research | Double-Bit Axe |
| 13:09 | Create | Villager (Male) |
| 13:14 | Build | Farm |
| 13:22 | Build | House |
| 13:29 | Build | House |
| 13:39 | Build | Farm |
| 13:43 | Create | Villager (Male) |
| 13:52 | Build | Lumber Camp |
| 14:02 | Build | Mining Camp |
| 14:20 | Create | Villager (Male) |
| 14:24 | Build | Farm |
| 14:30 | Build | House |
| 14:35 | Build | Farm |
| 14:39 | Create | Villager (Male) |
| 14:47 | Research | Horse Collar |
| 14:57 | Build | Farm |
| 15:23 | Build | Farm |
| 15:27 | Create | Villager (Male) |
| 15:27 | Create | Villager (Male) |
| 15:39 | Create | Villager (Male) |
| 15:40 | Create | Villager (Male) |
| 15:49 | Build | Farm |
| 16:02 | Build | House |
| 16:10 | Build | Blacksmith |
| 16:25 | Build | Market |
| 16:35 | Build | Farm |
| 16:38 | Build | Farm |
| 16:42 | Create | Villager (Male) |
| 16:43 | Create | Villager (Male) |
| 17:01 | Build | Farm |
| 17:27 | Build | Farm |
| 17:53 | Build | Farm |
| 18:09 | Build | Mill |
| 18:16 | Create | Villager (Male) |
| 18:16 | Create | Villager (Male) |
| 19:00 | Build | Barracks |
| 19:09 | Build | Farm |
| 19:14 | Build | Farm |
| 19:17 | Build | Farm |
| 19:21 | Build | Farm |
| 19:24 | Create | Villager (Male) |
| 19:29 | Research | Castle Age |
| 19:41 | Build | Farm |
| 19:52 | Research | Castle Age |
| 20:45 | Build | Farm |
| 20:50 | Build | Farm |
| 21:02 | Build | Stable |
| 22:54 | Age | Castle Age |
| 23:01 | Build | Town Center |
| 23:14 | Build | Town Center |
| 23:24 | Create | Villager (Male) ×5 |
| 23:25 | Create | Villager (Male) ×5 |
| 23:25 | Create | Villager (Male) ×5 |
| 23:35 | Build | Town Center |
| 25:06 | Create | Villager (Male) |
| 25:06 | Create | Villager (Male) |
| 25:06 | Create | Villager (Male) |
| 25:07 | Create | Villager (Male) |
| 25:07 | Create | Villager (Male) |
| 25:07 | Create | Villager (Male) |
| 25:08 | Create | Villager (Male) |
| 25:08 | Create | Villager (Male) |
| 25:08 | Create | Villager (Male) |
| 25:09 | Create | Villager (Male) |
| 25:23 | Research | Heavy Plow |
| 25:26 | Research | Bow Saw |
| 25:31 | Build | Farm |
| 25:32 | Build | Farm |
| 25:34 | Build | Farm |
| 25:38 | Build | Farm |
| 25:46 | Build | Mill |
| 25:54 | Build | Mill |
| 25:59 | Create | Villager (Male) |
| 26:17 | Build | Farm |
| 26:19 | Build | Farm |
| 26:21 | Build | Farm |
| 26:24 | Build | Farm |
| 26:26 | Build | Farm |
| 26:28 | Build | Farm |
| 26:31 | Build | Farm |
| 26:33 | Build | Farm |
| 26:35 | Build | Farm |
| 26:37 | Build | Farm |
| 26:39 | Build | Farm |
| 26:41 | Build | Farm |
| 26:46 | Create | Villager (Male) ×5 |
| 26:46 | Create | Villager (Male) ×5 |
| 26:51 | Create | Villager (Male) ×5 |
| 27:03 | Create | Villager (Male) |
| 27:03 | Create | Villager (Male) |
| 27:18 | Build | Farm |
| 27:19 | Build | Farm |
| 27:20 | Build | Farm |
| 27:51 | Build | Castle |
| 28:15 | Create | Trade Cart ×5 |
| 28:15 | Create | Trade Cart ×5 |
| 28:16 | Create | Trade Cart ×3 |
| 28:30 | Build | House |
| 28:31 | Build | House |
| 28:32 | Build | House |
| 28:34 | Build | House |
| 28:35 | Build | House |
| 28:36 | Build | House |
Build order — haimw13
First 150 of 279 actions detected
| 0:01 | Create | Villager (Male) |
| 0:02 | Create | Villager (Male) |
| 0:03 | Build | House |
| 0:05 | Build | House |
| 1:07 | Create | Villager (Male) |
| 1:07 | Create | Villager (Male) |
| 1:33 | Create | Villager (Male) |
| 2:04 | Create | Villager (Male) |
| 2:50 | Create | Villager (Male) |
| 2:51 | Create | Villager (Male) |
| 3:38 | Create | Villager (Male) |
| 3:38 | Create | Villager (Male) |
| 4:10 | Create | Villager (Male) |
| 4:34 | Build | House |
| 4:56 | Create | Villager (Male) |
| 4:57 | Create | Villager (Male) |
| 5:45 | Research | Loom |
| 5:46 | Create | Villager (Male) |
| 6:09 | Build | Palisade Wall |
| 6:30 | Build | Mill |
| 6:50 | Build | Palisade Wall |
| 7:14 | Build | Palisade Wall |
| 7:27 | Create | Villager (Male) |
| 7:28 | Create | Villager (Male) |
| 7:52 | Create | Villager (Male) |
| 8:09 | Build | Lumber Camp |
| 8:42 | Build | Palisade Wall |
| 8:52 | Create | Villager (Male) |
| 8:53 | Create | Villager (Male) |
| 9:17 | Create | Villager (Male) |
| 9:24 | Build | House |
| 10:47 | Create | Villager (Male) |
| 10:47 | Create | Villager (Male) |
| 10:55 | Build | House |
| 10:58 | Build | House |
| 11:24 | Research | Feudal Age |
| 11:42 | Build | Mining Camp |
| 13:39 | Create | Villager (Male) |
| 13:40 | Create | Villager (Male) |
| 13:47 | Age | Feudal Age |
| 13:48 | Research | Horse Collar |
| 14:09 | Build | Blacksmith |
| 14:23 | Build | Market |
| 14:28 | Create | Villager (Male) |
| 15:06 | Create | Villager (Male) |
| 15:06 | Create | Villager (Male) |
| 15:31 | Build | Dock |
| 15:38 | Build | Farm |
| 16:42 | Create | Fishing Ship |
| 16:42 | Create | Fishing Ship |
| 16:43 | Create | Fishing Ship |
| 16:44 | Create | Fishing Ship |
| 17:16 | Build | Farm |
| 17:17 | Build | Farm |
| 17:19 | Build | Farm |
| 17:21 | Build | Farm |
| 17:26 | Build | Farm |
| 17:51 | Create | Trade Cart |
| 17:52 | Create | Trade Cart |
| 18:01 | Create | Villager (Male) |
| 18:02 | Create | Villager (Male) |
| 18:12 | Research | Double-Bit Axe |
| 18:58 | Create | Villager (Male) |
| 19:00 | Create | Villager (Male) |
| 19:11 | Build | Farm |
| 19:12 | Build | Farm |
| 19:14 | Build | Farm |
| 19:20 | Create | Fishing Ship |
| 19:44 | Build | House |
| 19:46 | Build | House |
| 19:48 | Build | House |
| 20:01 | Build | Farm |
| 20:03 | Build | Farm |
| 20:10 | Research | Castle Age |
| 20:11 | Research | Castle Age |
| 20:21 | Build | Farm |
| 20:24 | Build | Farm |
| 20:27 | Build | Farm |
| 20:30 | Build | Farm |
| 20:33 | Build | Farm |
| 20:49 | Build | House |
| 20:51 | Build | House |
| 20:54 | Build | House |
| 20:56 | Build | House |
| 20:58 | Build | House |
| 20:59 | Build | House |
| 21:01 | Build | House |
| 21:02 | Build | House |
| 21:08 | Create | Fishing Ship |
| 21:09 | Create | Fishing Ship |
| 21:37 | Build | Mining Camp |
| 21:42 | Create | Villager (Male) |
| 21:42 | Create | Villager (Male) |
| 21:55 | Research | Tech 906 |
| 22:50 | Age | Castle Age |
| 23:09 | Build | Town Center |
| 23:17 | Create | Villager (Male) |
| 23:25 | Build | Fish Trap |
| 23:27 | Build | Fish Trap |
| 23:29 | Build | Fish Trap |
| 23:48 | Create | Villager (Male) |
| 23:48 | Create | Villager (Male) |
| 23:56 | Create | Villager (Male) |
| 24:09 | Build | Fish Trap |
| 24:35 | Create | Villager (Male) |
| 24:36 | Create | Villager (Male) |
| 24:37 | Create | Villager (Male) |
| 24:56 | Create | Villager (Male) |
| 24:57 | Create | Villager (Male) |
| 25:22 | Build | Stone Wall |
| 25:54 | Build | Stone Wall |
| 26:02 | Build | Stone Wall |
| 26:20 | Build | Fish Trap |
| 26:27 | Create | Villager (Male) ×5 |
| 26:28 | Create | Villager (Male) ×5 |
| 26:34 | Build | Fish Trap |
| 26:46 | Create | Trade Cart |
| 26:47 | Create | Trade Cart |
| 26:47 | Create | Trade Cart |
| 27:19 | Create | Villager (Male) |
| 27:21 | Create | Villager (Male) |
| 27:22 | Create | Villager (Male) |
| 27:34 | Research | Stone Mining |
| 27:36 | Research | Gold Mining |
| 27:38 | Research | Bow Saw |
| 27:41 | Research | Heavy Plow |
| 28:43 | Build | Fish Trap |
| 28:47 | Build | Fish Trap |
| 28:51 | Create | Villager (Male) ×5 |
| 29:10 | Build | Siege Workshop |
| 29:25 | Build | Stone Wall |
| 29:52 | Build | Castle |
| 30:11 | Create | Mangonel |
| 30:13 | Create | Mangonel |
| 30:19 | Create | Villager (Male) ×5 |
| 30:22 | Create | Villager (Male) ×5 |
| 31:28 | Build | Stone Wall |
| 31:36 | Build | Monastery |
| 31:46 | Create | Janissary |
| 31:46 | Create | Janissary |
| 31:47 | Create | Janissary |
| 31:47 | Create | Janissary |
| 31:47 | Create | Janissary |
| 31:48 | Create | Janissary |
| 31:48 | Create | Janissary |
| 31:48 | Create | Janissary |
| 31:49 | Create | Janissary |
| 31:49 | Create | Janissary |
| 31:49 | Create | Janissary |
| 32:02 | Create | Villager (Male) ×5 |
Match timeline
| 3:37 | Noe · wall_segment Palisade Wall x11 |
| 4:21 | Noe · wall_segment Palisade Wall x12 |
| 5:53 | Noe · wall_segment Palisade Wall x8 |
| 6:09 | haimw13 · wall_segment Palisade Wall x3 |
| 6:12 | stormgoing · first_building Dock |
| 6:28 | Noe · wall_segment Palisade Wall x6 |
| 6:50 | haimw13 · wall_segment Palisade Wall x3 |
| 7:14 | haimw13 · wall_segment Palisade Wall x7 |
| 8:42 | haimw13 · wall_segment Palisade Wall x12 |
| 12:08 | A P · age_up feudal |
| 12:44 | nemesisbasileus · age_up feudal |
| 12:56 | Frog 2nd · first_building Barracks |
| 13:47 | haimw13 · age_up feudal |
| 13:52 | Frog 2nd · age_up feudal |
| 14:28 | Frog 2nd · first_building Archery Range |
| 14:55 | stormgoing · age_up feudal |
| 14:58 | A P · wall_segment Stone Wall x9 |
| 15:24 | Frog 2nd · wall_segment Stone Wall x8 |
| 15:25 | Frog 2nd · wall_segment Stone Wall x1 |
| 15:31 | haimw13 · first_building Dock |
| 16:16 | stormgoing · first_market_sell 100 wood |
| 16:47 | stormgoing · first_building Barracks |
| 17:28 | Noe · age_up feudal |
| 17:52 | stormgoing · first_building Archery Range |
| 18:47 | Noe · first_building Dock |
| 19:00 | nemesisbasileus · first_building Barracks |
| 19:23 | stormgoing · age_up castle |
| 19:33 | A P · first_building Barracks |
| 19:39 | Frog 2nd · age_up castle |
| 20:00 | Noe · first_market_buy 100 food |
| 21:02 | nemesisbasileus · first_building Stable |
| 21:07 | Noe · wall_segment Stone Wall x15 |
| 21:26 | A P · first_building Stable |
| 21:51 | A P · age_up castle |
| 21:53 | Frog 2nd · first_building Monastery |
| 22:46 | Noe · age_up castle |
| 22:50 | haimw13 · age_up castle |
| 22:54 | nemesisbasileus · age_up castle |
| 23:04 | Noe · first_building Castle |
| 23:36 | A P · first_building Castle |
| 24:25 | Noe · wall_segment Stone Wall x9 |
| 24:35 | Frog 2nd · first_building Castle |
| 24:48 | A P · first_building Monastery |
| 25:22 | haimw13 · wall_segment Stone Wall x6 |
| 25:40 | Noe · first_building Monastery |
| 25:41 | stormgoing · first_building Monastery |
| 25:54 | haimw13 · wall_segment Stone Wall x5 |
| 26:02 | haimw13 · wall_segment Stone Wall x5 |
| 27:13 | Frog 2nd · first_market_sell 100 wood |
| 27:21 | A P · wall_segment Stone Wall x7 |
| 27:40 | Noe · first_building Siege Workshop |
| 27:47 | Noe · first_building Barracks |
| 27:51 | nemesisbasileus · first_building Castle |
| 29:07 | stormgoing · first_building Stable |
| 29:10 | haimw13 · first_building Siege Workshop |
| 29:25 | haimw13 · wall_segment Stone Wall x3 |
| 29:28 | Frog 2nd · first_building Stable |
| 29:52 | haimw13 · first_building Castle |
| 30:38 | Frog 2nd · age_up imperial |
| 31:28 | haimw13 · wall_segment Stone Wall x9 |
| 31:36 | haimw13 · first_building Monastery |
| 31:41 | Noe · first_market_sell 100 stone |
| 31:49 | Frog 2nd · first_building Siege Workshop |
| 33:17 | Frog 2nd · wall_segment Stone Wall x11 |
| 33:29 | stormgoing · age_up imperial |
| 33:48 | A P · first_building Siege Workshop |
| 33:54 | Noe · first_building Stable |
| 34:20 | A P · age_up imperial |
| 34:27 | stormgoing · first_building Castle |
| 35:11 | Noe · age_up imperial |
| 35:24 | nemesisbasileus · age_up imperial |
| 35:51 | haimw13 · wall_segment Stone Wall x1 |
| 36:01 | nemesisbasileus · first_building Archery Range |
| 36:27 | haimw13 · wall_segment Stone Wall x4 |
| 36:36 | haimw13 · wall_segment Stone Wall x7 |
| 37:10 | A P · first_market_sell 100 food |
| 37:39 | haimw13 · age_up imperial |
| 38:27 | Frog 2nd · wall_segment Stone Wall x5 |
| 38:29 | Frog 2nd · wall_segment Stone Wall x4 |
| 38:31 | Frog 2nd · wall_segment Stone Wall x5 |
| 40:13 | nemesisbasileus · first_building Siege Workshop |
| 41:16 | Frog 2nd · wall_segment Stone Wall x10 |
| 44:28 | Frog 2nd · wall_segment Stone Wall x12 |
| 46:36 | Frog 2nd · wall_segment Stone Wall x10 |
| 46:37 | Frog 2nd · wall_segment Stone Wall x8 |
| 47:25 | nemesisbasileus · tribute_sent a jugador 1 |
| 47:25 | nemesisbasileus · tribute_sent a jugador 2 |
| 47:25 | nemesisbasileus · tribute_sent a jugador 3 |
| 47:25 | nemesisbasileus · tribute_sent a jugador 4 |
| 47:25 | nemesisbasileus · tribute_sent a jugador 6 |
| 47:44 | haimw13 · first_building Barracks |
| 48:11 | Noe · wall_segment Stone Wall x11 |
| 48:25 | Frog 2nd · wall_segment Stone Wall x4 |
| 48:31 | Noe · wall_segment Stone Wall x15 |
| 50:06 | Noe · wall_segment Stone Wall x9 |
| 50:32 | Noe · resign |
| 51:49 | haimw13 · first_building Stable |
| 52:16 | nemesisbasileus · wall_segment Stone Wall x13 |
| 52:28 | nemesisbasileus · wall_segment Stone Wall x11 |
| 52:32 | nemesisbasileus · wall_segment Stone Wall x10 |
| 52:39 | nemesisbasileus · wall_segment Stone Wall x10 |
| 52:48 | stormgoing · first_market_buy 500 stone |
| 56:41 | haimw13 · first_market_buy 100 stone |
[ AI ANALYSIS · 1 CREDIT ]
What really happened in this match?
Wolo.gg analyzes every decision: build order, eco, micro, common mistakes by bracket. Personalized analysis on WhatsApp or Discord in 30 seconds.
Civ guide
Slavs
Map guide
Black Forest
Perfil
Jugador #2092821